 Dungeon Crawl Stone Soup version 0.22.1-1-ga44c0e5 (webtiles) character file.

49 Iscandelvey the Slasher (level 3, -5/30 HPs)
             Began as a Demigod Fighter on Sept 26, 2018.
             Slain by an ogre
             ... wielding a +0 giant club
              (17 damage)
             ... on level 2 of the Dungeon.
             The game lasted 00:03:48 (989 turns).

Iscandelvey the Slasher (Demigod Fighter)            Turns: 989, Time: 00:03:48

Health: -5/30      AC:  6    Str: 19    XL:     3   Next: 33%
Magic:  5/5        EV:  7    Int: 14    God:
Gold:   41         SH:  9    Dex: 15    Spells: 2/2 levels left

rFire    . . .     SeeInvis .   a - +0 long sword
rCold    . . .     Gourm    .   c - +0 shield
rNeg     . . .     Faith    .   b - +0 scale mail
rPois    .         Spirit   .   (no helmet)
rElec    .         Reflect  .   k - -1 cloak (curse)
rCorr    .         Harm     .   (no gloves)
MR       .....                  (no boots)
Stlth    ..........             (no amulet)
HPRegen  0.10/turn              (no ring)
MPRegen  0.09/turn              (no ring)

@: no status effects
A: high mp 1, mutation resistance 1, MP-powered wands
a: no special abilities


You were on level 2 of the Dungeon.
You were not hungry.

You visited 1 branch of the dungeon, and saw 2 of its levels.

You collected 41 gold pieces.

Inventory:

Hand Weapons
 a - a +0 long sword (weapon)
Missiles
 i - 5 tomahawks (quivered)
Armour
 b - a +0 scale mail (worn)
 c - a +0 shield (worn)
 k - a cursed -1 cloak (worn)
Scrolls
 e - 2 scrolls of teleportation {unknown}
 j - a scroll of identify {unknown}
 m - a scroll of remove curse {unknown}
Potions
 d - a potion of might
 h - a potion of brilliance {unknown}
Comestibles
 f - 4 rations
 g - 2 chunks of flesh


   Skills:
 - Level 2.6 Fighting
 * Level 3.6 Long Blades
 - Level 2.6 Armour
 - Level 2.6 Shields


You had 2 spell levels left.
You didn't know any spells.
Your spell library was empty.

Dungeon Overview and Level Annotations

Branches:
Dungeon (2/15)


Innate Abilities, Weirdness & Mutations

You have an increased reservoir of magic. (+10% MP)
You are somewhat resistant to further mutation.
You expend magic power (3 MP) to strengthen your wands.


Message History

You slash the ogre!
The ogre is moderately wounded.
The ogre hits you but does no damage. You block the ogre's attack.
You barely miss the ogre.
The ogre is moderately wounded.
The ogre hits you but does no damage.
You hit the ogre.
The ogre is heavily wounded.
You hit the ogre.
The ogre is heavily wounded.
The ogre hits you with a giant club! The ogre barely misses you.
You riposte.
You hit the ogre.
The ogre is severely wounded.
You are too injured to fight recklessly!
You are too injured to fight recklessly!
You slash the ogre!
The ogre is almost dead.
The ogre hits you with a giant club!
Ouch! That really hurt!
You die...

......# ......#########
..............#
..............##########
..............##........
..##........).##......).
#.##........>.##........
#.......................
...##.........##@###.#.
##.##.###.##..##O#
##....# #.###.##..
...#### #.# #.##... ####
#.# #.##.... #.#
#.##....# #. #.......#
####....#


You could see an ogre.

Vanquished Creatures
  2 adders (D:1)
  5 dart slugs
  4 bats (D:1)
  2 giant cockroaches (D:1)
  2 goblins
  A hobgoblin (D:1)
  A quokka (D:2)
  A ball python (D:1)
  2 frilled lizards
  4 rats (D:1)
24 creatures vanquished.

Notes
Turn   | Place    | Note
-------+----------+-------------------------------------------
     0 | D:1      | Iscandelvey the Demigod Fighter began the quest for the
                  | Orb.
     0 | D:1      | Reached XP level 1. HP: 18/18 MP: 3/3
    36 | D:1      | Reached skill level 2 in Long Blades
   340 | D:1      | Reached XP level 2. HP: 25/25 MP: 4/4
   643 | D:1      | Gained mutation: You expend magic power (3 MP) to
                  | strengthen your wands. [potion of mutation]
   643 | D:1      | Gained mutation: You are somewhat resistant to further
                  | mutation. [potion of mutation]
   647 | D:1      | Reached skill level 3 in Long Blades
   648 | D:1      | Reached XP level 3. HP: 4/30 MP: 5/5
   654 | D:1      | HP: 1/30 [poisoned by an adder]
   978 | D:2      | Noticed an ogre
   989 | D:2      | Slain by an ogre

Skill      XL: |  1  2 |
---------------+-------+-----
Long Blades    | 2 3 |  3.6
Fighting       | |  2.6
Armour         | |  2.6
Shields        | |  2.6

Action                   || total
-------------------------++-------
Melee: Long sword        ||    74
  Use: Potion            ||     3
Armor: Scale mail        ||    45
Dodge: Dodged            ||    42
Block: Shield            ||    45
       Rpst.: Long sword ||     9
